Cogmind - Beta 9.2 @@@ ROGUE MODE // 2019.11.16 @ 15:26:17 Player: Alexbot Result: Self-destructed Performance ------------- Evolutions (1) 500 Regions Visited (3) 600 Robots Destroyed (36) 180 Value Destroyed (619) 619 Prototype IDs (1) 20 Alien Tech Used (0) 0 Bonus (500) 500 TOTAL SCORE: 2419 Bonus ------- Sticky Parts 500 Cogmind --------- Core Integrity 265/400 Matter 293/300 Energy 100/100 System Corruption 0% Temperature Cool (0) Movement Treading (200) Ox2 Location -9/Storage Parts ------- > --- POWER (1) -------- (None) > --- PROPULSION (2) --- Light Treads > --- UTILITY (3) ------ High-capacity Storage Unit Hardened Light Armor Plating > --- WEAPON (3) ------- Improved EM Shotgun Grenade Launcher > --- INVENTORY (12) --- Light Ion Engine Cooled Ion Engine Cooled Ion Engine Light Treads Light Treads Wheel Wheel High-capacity Storage Unit High-capacity Storage Unit Hacking Suite Hacking Suite Peak State ------------ > --- POWER ------------ Ion Engine > --- PROPULSION ------- Light Treads Light Treads > --- UTILITY ---------- High-capacity Storage Unit Light Armor Plating Hardened Light Armor Plating > --- WEAPON ----------- Improved EM Shotgun Small Laser Heavy Assault Rifle > --- INVENTORY -------- Cooled Ion Engine Cooled Ion Engine Wheel Wheel High-capacity Storage Unit High-capacity Storage Unit Grenade Launcher [Rating: 14] Favorites ----------- Power Ion Engine Engine Ion Engine Propulsion Light Treads Treads Light Treads Utility High-capacity Storage Unit Storage High-capacity Storage Unit Protection Light Armor Plating Weapon Assault Rifle Energy Gun Small Laser Ballistic Gun Assault Rifle Launcher Grenade Launcher Build | -11 -10 -9 -9 ------- Run | Scr Mat Mat Sto Slots Evolved 2 | . . 2 . Power . | . . . . Propulsion . | . . . . Utility 1 | . . 1 . Weapon 1 | . . 1 . Parts Attached 15 | 5 3 7 . Power 2 | 1 1 . . Engine 2 | 1 1 . . Core . | . . . . Reactor . | . . . . Propulsion 3 | 2 . 1 . Treads 3 | 2 . 1 . Leg . | . . . . Wheel . | . . . . Hover . | . . . . Flight . | . . . . Utility 4 | . 2 2 . Device . | . . . . Storage 1 | . 1 . . Processor . | . . . . Hackware . | . . . . Protection 3 | . 1 2 . Artifact . | . . . . Weapon 6 | 2 . 4 . Energy Gun 2 | . . 2 . Energy Cannon . | . . . . Ballistic Gun 3 | 2 . 1 . Ballistic Cannon . | . . . . Launcher 1 | . . 1 . Special Weapon . | . . . . Impact Weapon . | . . . . Slashing Weapon . | . . . . Piercing Weapon . | . . . . Special Melee Weapon . | . . . . Unidentified Prototypes 1 | . . 1 . Parts Lost 10 | . 2 8 . Power 2 | . 1 1 . Propulsion 2 | . . 2 . Utility 2 | . 1 1 . Weapon 4 | . . 4 . Highest Loss Streak 3 | . 1 3 . Average Slot Usage (%) 74 | . 77 72 . Engine 12 | . 13 11 . Treads 22 | . 28 16 . Storage 6 | . 2 11 . Protection 8 | . 3 12 . Energy Gun 7 | . . 14 . Ballistic Gun 17 | . 28 7 . Naked Turns . | . . . . Heaviest Build 52 | 6 40 52 . Greatest Support 40 | 40 40 40 . Greatest Overweight (x) 2 | . . 2 . Average Overweight (x) . | . . . . Largest Inventory Capacity 12 | 4 12 12 . Average Capacity 8 | 4 5 12 . Most Carried 12 | 4 5 12 . Average Carried 6 | 2 4 8 . Final Capacity 12 | 4 12 12 12 Final Carried 11 | 4 5 11 11 Class Distribution -------------------- 84% | Mutant 15% | Tank Dominant Class ---------------- Mutant | -10/Materials Mutant | -9/Materials Mutant | -9/Storage Resources | -11 -10 -9 -9 ----------- Run | Scr Mat Mat Sto Matter Collected 581 | 247 200 134 . Remotely . | . . . . Salvage Created 904 | . 449 455 . Parts 85 | . 44 41 . Haulers Intercepted 2 | . 1 1 . Recyclers Shooed 1 | . 1 . . Parts Field Recycled . | . . . . Retrieved Matter . | . . . . Parts Self-Destructed . | . . . . Prevented . | . . . . Kills | -11 -10 -9 -9 ------- Run | Scr Mat Mat Sto Combat Hostiles Destroyed 29 | . 12 17 . Guns 26 | . 12 14 . AOE 3 | . . 3 . Classes Destroyed 7 | . 6 1 . Worker 1 | . 1 . . Builder 1 | . 1 . . Hauler 2 | . 1 1 . Watcher 3 | . 2 1 . Swarmer 20 | . 6 14 . Grunt 7 | . 6 1 . Sentry 2 | . . 2 . Best Kill Streak 6 | . 5 6 . Combat Bots Only 6 | . 3 6 . Max Kills in Single Turn 2 | . 2 2 . Gunslinging 1 | . 1 1 . Exploded 1 | . . 1 . Melee . | . . . . Uniques/NPCs Destroyed . | . . . . Combat | -11 -10 -9 -9 -------- Run | Scr Mat Mat Sto Damage Taken 1557 | . 669 888 . Core 283 | . 148 135 . Absorbed by Shields . | . . . . Core Remaining (%) 70 | 100 40 . . Volleys Fired 90 | . 52 38 . Largest 3 | . 2 3 . Hottest 108 | . 40 108 . Shots Fired 173 | . 103 70 . Gun 172 | . 103 69 . Cannon . | . . . . Launcher 1 | . . 1 . Special . | . . . . Kinetic 128 | . 103 25 . Thermal 23 | . . 23 . Explosive 1 | . . 1 . Electromagnetic 21 | . . 21 . Robot Hit Streak 11 | . 11 10 . Robot Miss Streak 4 | . 4 4 . Penetration Max . | . . . . Secondary Targets 7 | . 3 4 . Max Gunslinging Chain 2 | . 1 2 . Shots Hit Robots 117 | . 74 43 . Core Hits 56 | . 32 24 . Critical Hits 4 | . 4 . . Critical Kills 3 | . 3 . . Critical Parts Destroyed 1 | . 1 . . Melee Attacks . | . . . . Impact . | . . . . Slashing . | . . . . Piercing . | . . . . Sneak Attacks . | . . . . Combat Hostiles . | . . . . Follow-up Attacks . | . . . . Damage Inflicted 1356 | . 720 636 . Guns 1192 | . 720 472 . Cannons . | . . . . Explosions 164 | . . 164 . Melee . | . . . . Ramming . | . . . . Kinetic 816 | . 720 96 . Thermal 301 | . . 301 . Explosive 59 | . . 59 . Electromagnetic 180 | . . 180 . Impact . | . . . . Slashing . | . . . . Piercing . | . . . . Highest Corruption 2 | . 2 . . Average Corruption 1 | . 1 . . Corruption Purged . | . . . . Effects 3 | . 3 . . Energy Discharges 1 | . 1 . . Targeting Errors 1 | . 1 . . Weapon Failures 1 | . 1 . . Overload Shots . | . . . . Overflow Damage 10 | . . 10 . Projectiles . | . . . . Explosions 10 | . . 10 . Melee . | . . . . Knockbacks . | . . . . Impact . | . . . . Kinetic . | . . . . Secondary . | . . . . Self-Inflicted Damage 102 | . . 102 . Shots 3 | . . 3 . Rammed . | . . . . Targets Rammed . | . . . . Kicked . | . . . . Crushed . | . . . . Highest Temperature 232 | . 28 232 . Average Temperature 56 | . 10 84 . Received Heat Transfer 345 | . 198 147 . Effects 1 | . . 1 . Energy Bleed 1 | . . 1 . Siege Activations . | . . . . Robots Corrupted . | . . . . Combat Hostiles . | . . . . Parts Fried . | . . . . Impact Corruptions . | . . . . Robots Melted . | . . . . Combat Hostiles . | . . . . Parts Melted 1 | . . 1 . Heat Transferred 550 | . . 550 . Parts Sabotaged . | . . . . Parts Stolen . | . . . . Parts Stripped . | . . . . Power Chain Reactions 1 | . . 1 . Missiles Intercepted . | . . . . Alert | -11 -10 -9 -9 ------- Run | Scr Mat Mat Sto Peak Influence 302 | . 246 302 . Average Influence 110 | . 91 143 . Maximum Alert Level 1 | . 1 1 . Low Security (%) 89 | 100 89 89 . Level 1 10 | . 10 10 . Level 2 . | . . . . Level 3 . | . . . . Level 4 . | . . . . Level 5 . | . . . . High Security . | . . . . Max Security . | . . . . Squads Dispatched 4 | . 3 1 . Investigation 1 | . 1 . . Extermination . | . . . . Reinforcement 3 | . 2 1 . Assault . | . . . . Garrison . | . . . . Intercept . | . . . . Construction Impeded . | . . . . Haulers Reinforced . | . . . . Stealth | -11 -10 -9 -9 --------- Run | Scr Mat Mat Sto Distress Signals . | . . . . Communications Jammed . | . . . . Distress Signals . | . . . . Times Spotted 51 | . 18 33 . Peak Tracking Total 10 | . 4 10 . Tactical Retreats 4 | . . 4 . Traps | -11 -10 -9 -9 ------- Run | Scr Mat Mat Sto Traps Triggered 4 | . 4 . . Indirectly . | . . . . Trap Hack Attempts . | . . . . Triggered . | . . . . Disarmed . | . . . . Reprogrammed . | . . . . Reused . | . . . . Traps Extracted . | . . . . Installed . | . . . . Triggered . | . . . . Machines | -11 -10 -9 -9 ---------- Run | Scr Mat Mat Sto Machines Disabled 2 | . . 2 . Max in Single Turn 2 | . . 2 . Machines Sabotaged . | . . . . Garrisons Compromised . | . . . . Overloaded Fab Kills . | . . . . Fab Network Shutdowns . | . . . . Hacking | -11 -10 -9 -9 --------- Run | Scr Mat Mat Sto Machines Accessed 3 | . 1 2 . Terminals 3 | . 1 2 . Fabricators . | . . . . Repair Stations . | . . . . Recycling Units . | . . . . Scanalyzers . | . . . . Garrison Access . | . . . . Total Hacks 4 | . 1 3 . Successful 1 | . . 1 . Failed 3 | . 1 2 . Catastrophic . | . . . . Database Lockouts . | . . . . Manual 4 | . 1 3 . Terminals 4 | . 1 3 . Fabricators . | . . . . Repair Stations . | . . . . Recycling Units . | . . . . Scanalyzers . | . . . . Garrison Access . | . . . . Terminal Hacks 1 | . . 1 . Branch Access Points 1 | . . 1 . Fabricator Hacks . | . . . . Repair Station Hacks . | . . . . Recycling Unit Hacks . | . . . . Scanalyzer . | . . . . Garrison Access Hacks . | . . . . Unauthorized Hacks 2 | . 1 1 . Terminals . | . . . . Fabricators . | . . . . Repair Stations . | . . . . Recycling Units . | . . . . Scanalyzers . | . . . . Garrison Access . | . . . . Data Cores Recovered . | . . . . Used . | . . . . Hacking Detections 3 | . 1 2 . Full Trace Events . | . . . . Feedback Events . | . . . . Feedback Blocked . | . . . . Robot Schematics Acquired . | . . . . Robots Built . | . . . . Matter . | . . . . Time . | . . . . Total Robot Build Rating . | . . . . Part Schematics Acquired . | . . . . Parts Built . | . . . . Matter . | . . . . Time . | . . . . Total Part Build Rating . | . . . . Parts Repaired . | . . . . Time . | . . . . Parts Recycled . | . . . . Recycled Matter . | . . . . Retrieved Matter . | . . . . Retrieved Components . | . . . . Parts Scanalyzed . | . . . . Part Schematics Acquired . | . . . . Parts Damaged . | . . . . Bothacking | -11 -10 -9 -9 ------------ Run | Scr Mat Mat Sto Used RIF Installer . | . . . . Robots Hacked . | . . . . Non-combat . | . . . . Combat . | . . . . Robot Hacks Applied . | . . . . Relay Couplers Released . | . . . . Robots Rewired . | . . . . Allies Hacked . | . . . . Hacks Repelled . | . . . . Allies | -11 -10 -9 -9 -------- Run | Scr Mat Mat Sto Total Allies . | . . . . Largest Group . | . . . . Highest-Rated Group . | . . . . Highest-Rated Ally . | . . . . Total Orders . | . . . . Ally Attacks . | . . . . Total Damage . | . . . . Kills . | . . . . Allies Corrupted . | . . . . Allies Melted . | . . . . Intel | -11 -10 -9 -9 ------- Run | Scr Mat Mat Sto Robot Analysis Total . | . . . . Derelict Logs Recovered . | . . . . Drone Launches . | . . . . Drone Recoveries . | . . . . Exploration | -11 -10 -9 -9 ------------- Run | Scr Mat Mat Sto Turns Passed 1353 | 86 626 641 . Spaces Moved 616 | 52 282 282 . Core 7 | 7 . . . Treads 609 | 45 282 282 . Legs . | . . . . Wheels . | . . . . Hover . | . . . . Flight . | . . . . Fastest Speed 50 | 50 160 160 . Average Speed 166 | 145 160 177 . Slowest Speed 200 | 160 160 200 . Overloaded Moves . | . . . . Propulsion Burnouts . | . . . . Robots Hopped . | . . . . Cave-ins Triggered . | . . . . Exploration Rate (%) 22 | 4 49 34 2 Regions Visited 3 Branch Regions 1 Pre-discovered Areas . | . . . . Known Exits Taken 1 | . . 1 . Unknown Exits Taken 2 | 1 1 . . Scrap Searched . | . . . . Spaces Dug . | . . . . Terrain Destroyed 61 | . . 61 . Melee . | . . . . Projectile . | . . . . AOE 61 | . . 61 . Actions | -11 -10 -9 -9 --------- Run | Scr Mat Mat Sto Total 778 | 60 362 356 . Wait 46 | . 24 22 . Move 613 | 51 281 281 . Hop . | . . . . Pick Up 14 | 4 2 8 . Fast Attach 12 | 5 2 5 . Attach 3 | . 1 2 . Detach . | . . . . Swap . | . . . . Drop . | . . . . Fire 90 | . 52 38 . Melee . | . . . . Ram . | . . . . Kick . | . . . . Crush . | . . . . Escape Stasis . | . . . . Rewire . | . . . . Trap . | . . . . Miscellaneous . | . . . . Route ------- -11/Scrapyard -10/Materials -9/Materials (discovered 4 exits: [*Mat] / Min / *Sto x2) -9/Storage History --------- Turn | Location | Event 10 | -11/Scrapyard | Discovered new exit (range 16) 87 | -11/Scrapyard | Entered Materials 316 | -10/Materials | Build established: Mutant 543 | -10/Materials | Core integrity fell below 50% 571 | -10/Materials | Discovered new exit (range 16) 713 | -10/Materials | Entered another Materials area 713 | -9/Materials | Evolved 2 slots: Utility x1, Weapon x1 791 | -9/Materials | Lost 3 parts (1n2w) 857 | -9/Materials | Discovered new exit (range 13) 1059 | -9/Materials | Identified exit to Mines 1059 | -9/Materials | Identified exit to Storage 1138 | -9/Materials | Discovered new exit (range 15) 1354 | -9/Materials | Entered Storage 1354 | -9/Storage | Self-destructed Last Messages --------------- 01341_ K-01 Serf collects debris. 01342_ S-10 Pest IFF system glitched. 01343_ S-10 Pest destroyed. 01344_ K-01 Serf collects debris. 01346_ G-34 Mercenary destroyed. 01347_ K-01 Serf collects debris. 01348_ U-05 Engineer lays Concrete. 01350_ Acquired 12 matter. 01350_ K-01 Serf collects debris. 01351_ C-30 ARC bursts open, deploying its payload. 01351_ G-47 Trooper unfolds itself. 01351_ G-34 Mercenary unfolds itself. 01351_ Lgt. Armor Plating destroyed. 01351_ U-05 Engineer lays Concrete. 01352_ U-05 Engineer builds a Wall. 01352_ Acquired 10 matter. 01353_ Ion Engine destroyed. 01353_ K-01 Serf collects debris. LOCATION=STORAGE GOAL=ESCAPE Map ----- +----------------------------------------------------+ | ???????????????????????????????????? | | ???????????????????????????????????? | | ???????????????????????????????????? | | ???????????????????????????????????? | | ???????????????????????????????????? | | ???????????????????????????????????? | | ???????????????????????????????????? | | ???????????????????????????????????? | | ???????????????????????????????????? | | ???????????????????????????????????? | | ???????????????????????? ????????? | | ???????????????????????? ????????? | | ???????????????????????? ????????? | | ???????????????????????# #???????? | | ???????????????????????# #???????? | | ???????????????????????# #???????? | | ???????????????????????# #???????? | | ???????????????????????# #???????? | | ???????????????????????# #???????? | | ???????????????????????# #???????? | | ???????????????????????# #???????? | | ???????????????????????+ #???????? | | ???????????????????????# #???????? | | ???????????????????????# #???????? | | ???????????????????????# #???????? | | ???????????????????????# @ #???????? | | ???????????????????????# #???????? | | ???????????????????????#####???????? | | ???????????????????????????????????? | | ???????????????????????????????????? | | ???????????????????????????????????? | | ???????????????????????????????????? | | ???????????????????????????????????? | | ???????????????????????????????????? | | ???????????????????????????????????? | | ???????????????????????????????????? | | | | | | | | | | | | | | | | | | | | | | | | | | | | | +----------------------------------------------------+ Best States ------------- Heat Dissipation 28 Energy Generation 10 Energy Capacity 250 Matter Stores 300 Matter Capacity 300 Sight Range 16 Terrain Scan Density 10 Armor Coverage 300 Evasion (%) 40 Recoil Reduction 2 Item Schematics ----------------- None Robot Schematics ------------------ None Fabricated ------------ Nothing Alien Tech Used ----------------- None Achievements -------------- None Challenges ------------ Sticky Parts Game ------ Seed NullMeleeCorpse Manual? 0 Play Time 00:07:50 Cumulative 710.0 hours Start 2019.11.16 @ 13:08:27 End 2019.11.16 @ 15:26:17 Sessions 1 Manual Loads 0 Difficulty Rogue Special Mode None Game No. 197 Rogue 197 Adventurer 0 Explorer 0 Win Type - Total 34 Types 25/0/2/3/2/1/1 Lore% 96 Gallery% 97 Achievement% 91 Wizard Run 0 Options --------- ASCII 0 Keyboard 1 Movement Numpad Keybinds 0 Fullscreen 1 Font 18/SmallcapsGlow Map View 76x50 Tactical HUD 1 Map Filters NONE Filters NONE Steam 1 RUN: 6c0ab428-e14b-4794-ae89-ca0cf8badc7d